 Dungeon Crawl Stone Soup version 0.31-a0-819-gf6de2f5ab6 (webtiles) character file.

Game seed: 5247114769742960165

175654 qw the Marksgargoyle (level 18, -7/129 HPs)
             Began as a Gargoyle Hunter on Sept 23, 2023.
             Was an Elder of Okawaru.
             Shot with an arrow by a naga sharpshooter (14 damage)
             ... on level 4 of the Snake Pit.
             The game lasted 00:17:08 (26148 turns).

qw the Marksgargoyle (Gargoyle Hunter)             Turns: 26148, Time: 00:17:09

Health: -7/129     AC: 30    Str: 18    XL:     18   Next: 10%
Magic:  23/25      EV: 28    Int: 17    God:    Okawaru [****..]
Gold:   689        SH:  5    Dex: 19    Spells: 17/17 levels left

rFire   + . .        h - +4 longbow "Uret" {speed, Str+3 Int+5}
rCold   + + .        (shield currently unavailable)
rNeg    + . .        u - +3 troll leather armour {Snorg}
rPois   inf          f - +2 hat {Will+}
rElec   +            y - scarf {rC+ rF+}
rCorr   +            g - +2 pair of gloves
SInv    +            x - +2 pair of boots
Will    ++...        j - amulet of reflection
Stlth   +++          e - ring of Loym {rC+ rCorr SInv}
HPRegen 1.21/turn    b - +5 ring of evasion
MPRegen 0.19/turn

%: reflection
@: about to teleport, heroic, flying
A: sickness immunity, AC +13, big wings, negative energy resistance 1,
electricity resistance, torment resistance 1, petrification resistance
a: Renounce Religion, Heroism, Finesse


You were on level 4 of the Snake Pit.
You worshipped Okawaru.
Okawaru was greatly pleased with you.
You visited 5 branches of the dungeon, and saw 29 of its levels.

You collected 3361 gold pieces.
You spent 2672 gold pieces at shops.


Innate Abilities, Weirdness & Mutations

You are immune to sickness and miasma.
Your stone body is resilient. (AC +13)
You are immune to poison.
Your large and strong wings let you fly.
You resist negative energy. (rN+)
You are resistant to electric shocks. (rElec)
You are resistant to unholy torment.
You are immune to petrification.


   Skills:
 - Level 20.0(25.0) Fighting
 - Level 20.0(25.0) Ranged Weapons
 - Level 8.0(13.0) Armour
 + Level 11.8(16.8) Dodging
 - Level 1.1(6.1) Stealth
 - Level 10.2 Invocations


You had 17 spell levels left.
You didn't know any spells.
Your spell library was empty.

Inventory:

Hand Weapons
 h - the +4 longbow "Uret" (weapon) {speed, Str+3 Int+5}
   (You acquired it on level 8 of the Dungeon)

   Str+3:     It affects your strength (+3).
   Int+5:     It affects your intelligence (+5).
Armour
 f - a +2 hat of willpower (worn)
 g - a +2 pair of gloves (worn)
 n - a +2 cloak
 o - a +2 leather armour of fire resistance
 u - a +3 troll leather armour (worn) {Snorg}
 x - a +2 pair of boots (worn)
 y - a scarf of resistance (worn)
Jewellery
 b - a +5 ring of evasion (right hand)
 c - the ring "Zuuhaym" {rF+ rC+}
   (You found it on level 4 of the Dungeon)

   [ring of protection from cold]

   rF+:       It protects you from fire.
   rC+:       It protects you from cold.
 e - the ring of Loym (left hand) {rC+ rCorr SInv}
   (You acquired it on level 8 of the Dungeon)

   [ring of see invisible]

   rC+:       It protects you from cold.
   SInv:      It lets you see invisible.
   rCorr:     It protects you from acid and corrosion.
 j - an amulet of reflection (around neck)
 z - a +4 ring of protection
 A - the ring "Atule Yqam" {rPois rF+ Will+}
   (You bought it in a shop on level 1 of the Snake Pit)

   [ring of protection from fire]

   rF+:       It protects you from fire.
   rPois:     It protects you from poison Will+: It increases your willpower.
Wands
 w - a wand of digging (8)
Scrolls
 i - 23 scrolls of identify
 p - 8 scrolls of teleportation
 t - 6 scrolls of enchant armour
 Y - 7 scrolls of enchant weapon
Potions
 a - 9 potions of might
 k - 3 potions of enlightenment
 l - 2 potions of cancellation
 m - 4 potions of mutation
 s - 4 potions of haste
 v - 4 potions of curing

Dungeon Overview and Level Annotations

Branches:
Dungeon (15/15)            Temple (0/1) D:7            Lair (5/5) D:9
  Swamp (3/4) Lair:3        Snake (4/4) Lair:2        Slime (0/5) Lair:5
    Orc (2/2) D:12            Elf (0/3) Orc:2        Vaults (0/5) D:13
 Depths (0/4) D:15

Altars:
Cheibriados
Dithmenos
Fedhas
Hepliaklqana
Kikubaaqudgha
Okawaru
Ru
Sif Muna
Uskayaw
Vehumet
Wu Jian
Xom
Yredelemnul
Zin
Jiyva

Shops:
D:7 [   Orc:2 ??*!   Snake:1 ==:?   Snake:3 !:

Annotations:
D:7 5 runed translucent doors
Lair:1 3 runed translucent doors, qw's ghost, journeyman GrHs
Swamp:3 1 runed translucent door
Snake:4 Bai Suzhen; Vashnia
Orc:1 1 transporter


Message History

Bai Suzhen affirms to herself, "Our love will make it through this."
Bai Suzhen hits you but does no damage. You block Bai Suzhen's attack.
The four-headed hydra bites you but does no damage. x2
The four-headed hydra barely misses you.
The four-headed hydra bites you but does no damage.
You shoot an arrow.
The arrow hits Bai Suzhen but does no damage.
Bai Suzhen is moderately wounded.
The six-headed hydra completely misses you.
The six-headed hydra misses you. The six-headed hydra bites you.
The six-headed hydra bites you but does no damage.
The six-headed hydra barely misses you.
The six-headed hydra completely misses you.
The salamander hits you but does no damage.
The guardian serpent completely misses you.
The naga sharpshooter spits poison at you.
The splash of poison misses you.
You shoot an arrow.
The arrow hits Bai Suzhen but does no damage.
Bai Suzhen is moderately wounded.
The salamander misses you.
The naga warrior hits you with a +0 trident.
The naga warrior barely misses you. Bai Suzhen completely misses you.
Bai Suzhen tail-slaps you but does no damage.
You shoot an arrow. The arrow closely misses Bai Suzhen.
The guardian serpent barely misses you.
You block the four-headed hydra's attack.
The four-headed hydra completely misses you.
The four-headed hydra misses you.
The four-headed hydra bites you but does no damage.
You block the six-headed hydra's attack.
The six-headed hydra closely misses you.
The six-headed hydra barely misses you. The six-headed hydra misses you.
You block the six-headed hydra's attack.
The six-headed hydra completely misses you.
The salamander hits you but does no damage.
The naga sharpshooter casts a spell.
The naga sharpshooter magically shoots an arrow.
The arrow hits you!
You die...

...................
###......).......... #
.##..N..).N........
#.###. #..............
#.....###N.............
....¤¤¤#.N.....########
.~¤¤~~¤S.......#.......
.~~~¤¤DNd......'.......
.~~~¤~S@D......#.......
.....NN#N......#.......
#.....###......#.......
#.###.###......########
### .##............
#.#####.............
#.........?..........
#....................
##.......#####........


You could see Bai Suzhen, Vashnia, a naga warrior, 3 naga sharpshooters, a
six-headed hydra (summoned), a four-headed hydra (summoned), 2 salamanders, an
anaconda, a guardian serpent and a naga (strong).

Vanquished Creatures
  Saint Roka (Orc:2)
  Nikola (Lair:3)
  Jorgrun (D:15)
  A tentacled monstrosity (Swamp:2)
  Gastronok (Lair:3)
  2 thorn hunters
  Kirke (Snake:1)
  A tengu reaver (D:14)
  4 eleionomae
  2 dire elephants (Lair:5)
  4 bunyips
  Snorg (Lair:5)
  2 ettins
  2 shambling mangroves
  A fire dragon (D:14)
  Josephine (Lair:3)
  A salamander tyrant (Snake:1)
  Harold (D:10)
  An ice dragon (D:14)
  A ghost crab (Swamp:3)
  9 hydras
  9 anacondas
  6 centaur warriors
  Erica (D:9)
  7 boulder beetles
  7 two-headed ogres
  5 alligators
  8 naga warriors
  Urug (D:13)
  6 death yaks
  2 tengu warriors
  10 naga sharpshooters
  3 shock serpents
  Sonja (D:13)
  A spectral anaconda (Lair:5)
  3 salamander mystics
  6 skeletal warriors
  2 spectral death yaks (Lair:5)
  7 goliath frogs
  A bog body (Swamp:1)
  6 naga ritualists
  2 swamp dragons
  A wizard (D:15)
  3 orc knights
  An obsidian statue (Lair:5)
  4 necromancers
  6 ugly things
  10 mana vipers
  4 deep elf pyromancers
  11 orc sorcerers
  11 cyclopes
  3 will-o-the-wisps
  5 manticores
  An oklob plant (Lair:3)
  36 black mambas
  12 salamanders
  2 dire elephant zombies (Lair:5)
  10 elephants
  Maurice (D:8)
  A guardian serpent (Snake:3)
  9 naga magi
  2 molten gargoyles (Lair:3)
  11 cane toads
  An unseen horror (D:13)
  A kobold demonologist (D:10)
  3 rime drakes
  A yaktaur (D:14)
  A freezing wraith (D:15)
  8 komodo dragons
  A tengu conjurer (D:11)
  3 polar bears
  4 bloated husks
  2 meliai (D:14)
  A queen bee (shapeshifter) (D:14)
  5 tyrant leeches
  6 trolls
  3 spectral elephants (Lair:5)
  A raiju (shapeshifter) (D:14)
  9 hornets
  10 blink frogs
  4 slime creatures
  A slime creature (shapeshifter) (D:14)
  A centaur simulacrum (D:13)
  4 spriggans
  8 wyverns
  A shadow (D:9)
  3 vampires
  8 basilisks
  14 yaks
  8 wraiths
  A hog (Snake:2)
  Eustachio (D:6)
  19 humans
  A steam dragon (D:9)
  5 wargs (Orc:2)
  2 death yak simulacra (Lair:5)
  15 vampire mosquitoes
  2 acid dragons
  2 spectral cane toads (Lair:5)
  12 swamp worms
  34 nagas
  9 water moccasins
  2 hell hounds (Lair:1)
  A meliai simulacrum (D:15)
  2 swamp drakes
  An ice beast (D:8)
  18 orc warriors
  A sky beast (D:8)
  An elephant zombie (Lair:5)
  2 black bears
  3 wolves (Lair:1)
  6 ogres
  8 centaurs
  3 elephant skeletons (Lair:5)
  4 phantoms
  2 kobold brigands (D:10)
  Blork the orc (D:6)
  5 gnoll sergeants
  16 bullfrogs
  3 scorpions
  8 wights
  An elephant simulacrum (Lair:5)
  3 killer bees (D:8)
  3 howler monkeys (D:10)
  3 electric eels
  5 lava snakes (Lair:3)
  4 jellies
  10 orc priests
  2 sleepcaps
  2 hounds
  A gnoll bouda (D:5)
  3 iguanas
  39 orc wizards
  8 adders
  33 gnolls
  A shadow imp (D:5)
  An ufetubus (D:6)
  4 worms
  2 dart slugs (D:3)
  115 orcs
  8 bats
  8 endoplasms
  5 giant cockroaches
  2 goblins
  7 hobgoblins
  4 quokkas
  5 ball pythons
  15 kobolds
  3 rats
876 creatures vanquished.

Vanquished Creatures (others)
  An alligator (Swamp:1)
  2 bloated husks
  A human (D:7)
  A boggart (D:14)
5 creatures vanquished.

Grand Total: 881 creatures vanquished

Notes
Turn   | Place    | Note
-------+----------+-------------------------------------------
     0 | D:1      | qw the Gargoyle Hunter began the quest for the Orb.
     0 | D:1      | Reached XP level 1. HP: 12/12 MP: 1/1
     0 | D:1      | 0 ||| qw: Version: 0.3-a-83-gcd0e7d8
     0 | D:1      | 0 ||| qw: Game counter: 1647
     0 | D:1      | 0 ||| qw: Melee chars always use a shield: true
     0 | D:1      | 0 ||| qw: God list: Okawaru
     0 | D:1      | 0 ||| qw: Allow faded altars: false
     0 | D:1      | 0 ||| qw: Do Orc after clearing Dungeon:15 true
     0 | D:1      | 0 ||| qw: Do second Lair branch before Depths: true
     0 | D:1      | 0 ||| qw: Lair rune preference: random
     0 | D:1      | 0 ||| qw: Goals: Normal
     0 | D:1      | 0 ||| PLANNING D:1-11
    11 | D:1      | You fall into a shaft and drop 1 floor!
    72 | D:2      | 72 ||| DROPPING scroll of butterflies.
   174 | D:1      | Reached XP level 2. HP: 17/17 MP: 2/2
   649 | D:1      | 649 ||| UPGRADING to +0 pair of gloves.
   654 | D:1      | 654 ||| UPGRADING to amulet of reflection.
   659 | D:1      | 659 ||| DROPPING amulet of regeneration.
   660 | D:1      | 660 ||| READING scroll labelled IGAIRI XAEDUCK.
   665 | D:1      | 665 ||| READING scroll labelled QAUDWI QEQAL.
   666 | D:1      | 666 ||| READING scroll labelled LAFRUMUMOC.
   667 | D:1      | 667 ||| READING scroll labelled KOCUYTA UTASS.
   668 | D:1      | 668 ||| READING scroll labelled XYTHAYNKAUM.
   844 | D:2      | Reached XP level 3. HP: 21/21 MP: 3/3
  1120 | D:2      | Reached skill level 3 in Fighting
  1465 | D:2      | 1465 ||| UPGRADING to ring of positive energy.
  1466 | D:2      | 1466 ||| READING scroll labelled SEXYGE VUENYS.
  1467 | D:2      | 1467 ||| READING scroll labelled ZEUWUL OCRI.
  1520 | D:3      | Reached XP level 4. HP: 23/28 MP: 4/4
  1575 | D:3      | Found a hide-covered altar of Uskayaw.
  1583 | D:3      | Found an iron altar of Okawaru.
  1584 | D:3      | 1584 ||| PLANNING OKAWARU WORSHIP
  1584 | D:3      | 1584 ||| DRINKING 2 fizzy brown potions.
  1585 | D:3      | 1585 ||| DROPPING potion of degeneration.
  1586 | D:3      | Found a shimmering blue altar of Sif Muna.
  1593 | D:3      | Became a worshipper of Warmaster Okawaru
  1594 | D:3      | 1594 ||| PLANNING D:1-11
  1681 | D:3      | Found a shadowy altar of Dithmenos.
  2031 | D:3      | Reached XP level 5. HP: 30/32 MP: 5/5
  2254 | D:3      | 2254 ||| UPGRADING to +0 ring mail.
  2264 | D:3      | 2264 ||| DROPPING +0 leather armour.
  2265 | D:3      | 2265 ||| READING scroll labelled TEUTABBAULIL.
  2266 | D:3      | 2266 ||| READING scroll labelled FUTSAQO VUR.
  2267 | D:3      | 2267 ||| DRINKING 2 metallic silvery potions.
  2273 | D:4      | Found a radiant altar of Vehumet.
  2332 | D:4      | Identified the ring "Zuuhaym" {rF+ rC+}
  2350 | D:4      | Found an ornate altar of the Wu Jian Council.
  2398 | D:4      | Reached skill level 1 in Armour
  2421 | D:4      | Reached skill level 6 in Ranged Weapons
  2495 | D:4      | Reached XP level 6. HP: 37/37 MP: 6/6
  2907 | D:4      | 2907 ||| UPGRADING to +0 cloak.
  2912 | D:4      | 2912 ||| UPGRADING to ring of willpower.
  2913 | D:4      | 2913 ||| UPGRADING to ring "Zuuhaym" {rF+ rC+}.
  2915 | D:4      | 2915 ||| READING scroll labelled ZONNEE ZEZXA.
  2916 | D:4      | 2916 ||| READING 3 scrolls labelled WEQ GEESODY.
  2917 | D:4      | 2917 ||| READING 2 scrolls of identify.
  2917 | D:4      | 2917 ||| IDENTIFYING golden potion
  2918 | D:4      | 2918 ||| DROPPING potion of brilliance.
  2919 | D:4      | 2919 ||| DROPPING 2 scrolls of fog.
  2959 | D:5      | Entered Level 5 of the Dungeon
  2967 | D:5      | 2967 ||| STAIRDANCE
  3098 | D:5      | 3098 ||| FLEEEEING.
  3099 | D:5      | 3099 ||| FLEEEEING.
  3106 | D:5      | Reached * piety under Okawaru
  3107 | D:5      | 3107 ||| INVOKING Heroism.
  3108 | D:5      | 3108 ||| INVOKING Heroism.
  3139 | D:5      | Reached XP level 7. HP: 32/43 MP: 7/7
  3373 | D:5      | 3373 ||| INVOKING Heroism.
  3382 | D:5      | HP: 6/43 [gnoll/+0 halberd (7)]
  3383 | D:5      | 3383 ||| READING scroll of teleportation.
  3384 | D:5      | 3384 ||| DRINKING potion of heal wounds.
  3385 | D:5      | 3385 ||| INVOKING Heroism.
  3449 | D:5      | Reached skill level 1 in Invocations
  3624 | D:5      | 3624 ||| FLEEEEING.
  3625 | D:5      | 3625 ||| FLEEEEING.
  3626 | D:5      | 3626 ||| FLEEEEING.
  3627 | D:5      | 3627 ||| FLEEEEING.
  3628 | D:5      | 3628 ||| FLEEEEING.
  3629 | D:5      | 3629 ||| FLEEEEING.
  3630 | D:5      | 3630 ||| FLEEEEING.
  3631 | D:5      | 3631 ||| STAIRDANCE
  3720 | D:5      | Found a snail-covered altar of Cheibriados.
  3837 | D:6      | Noticed Eustachio
  3838 | D:6      | 3838 ||| INVOKING Heroism.
  3850 | D:6      | Killed Eustachio
  3851 | D:6      | Reached skill level 3 in Invocations
  3851 | D:6      | Reached XP level 8. HP: 48/49 MP: 7/10
  3927 | D:6      | 3927 ||| INVOKING Heroism.
  4109 | D:6      | 4109 ||| INVOKING Heroism.
  4265 | D:6      | 4265 ||| INVOKING Heroism.
  4301 | D:6      | Noticed Blork the orc
  4305 | D:6      | 4305 ||| RETREEAATING.
  4311 | D:6      | 4311 ||| Stepping ~*~*~tactically~*~*~ (retreating).
  4323 | D:6      | 4323 ||| INVOKING Heroism.
  4329 | D:6      | Killed Blork the orc
  4330 | D:6      | Reached skill level 9 in Ranged Weapons
  4485 | D:6      | Found a basalt altar of Yredelemnul.
  4488 | D:6      | 4488 ||| INVOKING Heroism.
  4582 | D:6      | Reached skill level 6 in Fighting
  4682 | D:6      | 4682 ||| INVOKING Heroism.
  4685 | D:6      | Reached XP level 9. HP: 55/55 MP: 9/12
  4912 | D:6      | 4912 ||| UPGRADING to +5 ring of evasion.
  4914 | D:6      | 4914 ||| READING scroll labelled PEANGESAHY.
  4915 | D:6      | 4915 ||| DRINKING 2 bubbling red potions.
  4949 | D:7      | Found a runed translucent gate.
  4957 | D:7      | Found a runed translucent door.
  4985 | D:7      | Found the +9 staff of Olgreb {rPois∞}
  4992 | D:7      | 4992 ||| INVOKING Heroism.
  5017 | D:7      | 5017 ||| SWAPPING to +0 orcbow.
  5018 | D:7      | 5018 ||| DROPPING +0 shortbow of electrocution.
  5060 | D:7      | Found an ancient bone altar of Kikubaaqudgha.
  5090 | D:7      | 5090 ||| RETREEAATING.
  5092 | D:7      | 5092 ||| RETREEAATING.
  5094 | D:7      | 5094 ||| RETREEAATING.
  5096 | D:7      | 5096 ||| Stepping ~*~*~tactically~*~*~ (retreating).
  5121 | D:7      | 5121 ||| INVOKING Heroism.
  5228 | D:7      | Noticed a cyclops
  5229 | D:7      | 5229 ||| INVOKING Heroism.
  5249 | D:7      | HP: 10/55 [cyclops (4)]
  5250 | D:7      | 5250 ||| READING 2 scrolls of teleportation.
  5251 | D:7      | 5251 ||| DRINKING potion of heal wounds.
  5254 | D:7      | Found a sacrificial altar of Ru.
  5340 | D:7      | 5340 ||| INVOKING Heroism.
  5347 | D:7      | Killed a cyclops
  5367 | D:7      | 5367 ||| RETREEAATING.
  5606 | D:7      | Found a runed translucent gate.
  5606 | D:7      | Found a runed translucent gate.
  5607 | D:7      | Found a runed translucent door.
  5653 | D:7      | Found a staircase to the Ecumenical Temple.
  5668 | D:7      | Reached ** piety under Okawaru
  5741 | D:7      | Found Keopna's Antique Armour Boutique.
  5765 | D:7      | Noticed a troll
  5766 | D:7      | 5766 ||| INVOKING Heroism.
  5771 | D:7      | Killed a troll
  5788 | D:7      | 5788 ||| BUYING dyed leather armour (100 gold).
  5788 | D:7      | Bought a dyed leather armour for 100 gold pieces
  5886 | D:7      | 5886 ||| UPGRADING to +3 leather armour of cold resistance.
  5896 | D:7      | 5896 ||| DROPPING +0 ring mail.
  5897 | D:7      | 5897 ||| DRINKING 2 red potions.
  5898 | D:7      | 5898 ||| DRINKING 3 fuming pink potions.
  5921 | D:8      | 5921 ||| Stepping ~*~*~tactically~*~*~ (retreating).
  5923 | D:8      | 5923 ||| Stepping ~*~*~tactically~*~*~ (retreating).
  5999 | D:8      | Reached skill level 3 in Dodging
  5999 | D:8      | Reached XP level 10. HP: 49/63 MP: 13/13
  6105 | D:8      | 6105 ||| SWAPPING to +0 orcbow of draining.
  6106 | D:8      | 6106 ||| DROPPING +0 orcbow.
  6112 | D:8      | 6112 ||| RETREEAATING.
  6113 | D:8      | 6113 ||| STILL RETREEAATING.
  6236 | D:8      | 6236 ||| INVOKING Heroism.
  6260 | D:8      | 6260 ||| READING scroll of enchant armour.
  6260 | D:8      | 6260 ||| ENCHANTING +0 pair of gloves.
  6596 | D:8      | 6596 ||| RETREEAATING.
  6597 | D:8      | 6597 ||| INVOKING Heroism.
  6601 | D:8      | 6601 ||| Stepping ~*~*~tactically~*~*~ (retreating).
  6602 | D:8      | 6602 ||| Stepping ~*~*~tactically~*~*~ (retreating).
  6626 | D:8      | 6626 ||| INVOKING Heroism.
  6744 | D:8      | 6744 ||| DRINKING 2 potions of curing.
  6744 | D:8      | 6744 ||| (to cure confusion)
  6801 | D:8      | Found a glowing silver altar of Zin.
  6828 | D:8      | Noticed Maurice
  6836 | D:8      | 6836 ||| DRINKING potion of curing.
  6836 | D:8      | 6836 ||| (to cure confusion)
  6842 | D:8      | Killed Maurice
  6953 | D:8      | 6953 ||| RETREEAATING.
  6955 | D:8      | 6955 ||| STILL RETREEAATING.
  7190 | D:8      | 7190 ||| READING 3 scrolls labelled RUIRUB LOLOU.
  7190 | D:8      | Identified 3 scrolls of acquirement
  7190 | D:8      | 7190 ||| ACQUIRING +4 longbow "Uret" {speed, Str+3 Int+5}
  7190 | D:8      | Acquired the +4 longbow "Uret" {speed, Str+3 Int+5}
  7192 | D:8      | 7192 ||| SWAPPING to +4 longbow "Uret" {speed, Str+3
                  | Int+5}.
  7193 | D:8      | 7193 ||| DROPPING +0 orcbow of draining.
  7194 | D:8      | 7194 ||| READING 2 scrolls of acquirement.
  7194 | D:8      | 7194 ||| ACQUIRING 391 gold pieces
  7194 | D:8      | Acquired 391 gold pieces
  7195 | D:8      | 7195 ||| READING scroll of acquirement.
  7195 | D:8      | 7195 ||| ACQUIRING ring of Loym {rC+ rCorr SInv}
  7195 | D:8      | Acquired the ring of Loym {rC+ rCorr SInv}
  7197 | D:8      | 7197 ||| UPGRADING to ring of Loym {rC+ rCorr SInv}.
  7273 | D:9      | Noticed a two-headed ogre
  7274 | D:9      | 7274 ||| INVOKING Heroism.
  7276 | D:9      | Killed a two-headed ogre
  7277 | D:9      | Reached skill level 12 in Ranged Weapons
  7358 | D:9      | 7358 ||| DRINKING potion of curing.
  7358 | D:9      | 7358 ||| (to cure confusion)
  7401 | D:9      | Noticed Erica
  7402 | D:9      | 7402 ||| INVOKING Heroism.
  7406 | D:9      | Killed Erica
  7408 | D:9      | Reached *** piety under Okawaru
  7414 | D:9      | 7414 ||| RETREEAATING.
  7417 | D:9      | 7417 ||| STILL RETREEAATING.
  7427 | D:9      | Reached XP level 11. HP: 68/68 MP: 14/14
  7506 | D:9      | 7506 ||| INVOKING Heroism.
  7539 | D:9      | Reached **** piety under Okawaru
  7540 | D:9      | Reached skill level 9 in Fighting
  7549 | D:9      | 7549 ||| RETREEAATING.
  7550 | D:9      | 7550 ||| STILL RETREEAATING.
  7551 | D:9      | 7551 ||| STILL RETREEAATING.
  7552 | D:9      | 7552 ||| STILL RETREEAATING.
  7553 | D:9      | 7553 ||| STILL RETREEAATING.
  7554 | D:9      | 7554 ||| STILL RETREEAATING.
  7555 | D:9      | 7555 ||| STILL RETREEAATING.
  7556 | D:9      | 7556 ||| STILL RETREEAATING.
  7557 | D:9      | 7557 ||| STILL RETREEAATING.
  7558 | D:9      | 7558 ||| STILL RETREEAATING.
  7559 | D:9      | 7559 ||| STILL RETREEAATING.
  7560 | D:9      | 7560 ||| STILL RETREEAATING.
  7561 | D:9      | 7561 ||| STILL RETREEAATING.
  7650 | D:9      | Noticed a two-headed ogre
  7651 | D:9      | 7651 ||| INVOKING Heroism.
  7655 | D:9      | Killed a two-headed ogre
  7698 | D:9      | Found a staircase to the Lair.
  7738 | D:9      | 7738 ||| PLANNING LAIR
  7738 | D:9      | 7738 ||| DROPPING amulet of the acrobat.
  7739 | D:9      | 7739 ||| DROPPING ring of resist corrosion.
  7740 | D:9      | 7740 ||| READING 2 scrolls of identify.
  7740 | D:9      | 7740 ||| IDENTIFYING viscous cyan potion
  7741 | D:9      | 7741 ||| DROPPING potion of berserk rage.
  7778 | Lair:1   | Entered Level 1 of the Lair of Beasts
  7786 | Lair:1   | Noticed a boulder beetle
  7787 | Lair:1   | 7787 ||| RETREEAATING.
  7789 | Lair:1   | 7789 ||| RETREEAATING.
  7790 | Lair:1   | 7790 ||| INVOKING Heroism.
  7811 | Lair:1   | Reached skill level 6 in Invocations
  7830 | Lair:1   | 7830 ||| INVOKING Heroism.
  7831 | Lair:1   | Killed a boulder beetle
  7881 | Lair:1   | 7881 ||| INVOKING Heroism.
  8188 | Lair:1   | Found a runed translucent gate.
  8194 | Lair:1   | Found a runed translucent gate.
  8194 | Lair:1   | Found a runed translucent gate.
  8201 | Lair:1   | Noticed qw's ghost (journeyman GrHs)
  8202 | Lair:1   | Noticed a great orb of eyes
  8344 | Lair:1   | 8344 ||| INVOKING Heroism.
  8417 | Lair:1   | 8417 ||| INVOKING Heroism.
  8486 | Lair:1   | Found a dark tunnel.
  8495 | Lair:1   | 8495 ||| INVOKING Heroism.
  8632 | Lair:1   | Found a viscous altar of Jiyva.
  8736 | Lair:2   | 8736 ||| INVOKING Heroism.
  8742 | Lair:2   | Reached XP level 12. HP: 70/77 MP: 14/17
  8780 | Lair:2   | Noticed a seven-headed hydra
  8781 | Lair:2   | 8781 ||| INVOKING Heroism.
  8783 | Lair:2   | 8783 ||| RETREEAATING.
  8784 | Lair:2   | 8784 ||| STILL RETREEAATING.
  8785 | Lair:2   | 8785 ||| STILL RETREEAATING.
  8790 | Lair:2   | 8790 ||| Stepping ~*~*~tactically~*~*~ (retreating).
  8792 | Lair:2   | Killed a seven-headed hydra
  8839 | Lair:2   | Found a staircase to the Snake Pit.
  8865 | Lair:2   | Noticed a boulder beetle
  8866 | Lair:2   | 8866 ||| RETREEAATING.
  8867 | Lair:2   | 8867 ||| STILL RETREEAATING.
  8868 | Lair:2   | 8868 ||| STILL RETREEAATING.
  8869 | Lair:2   | 8869 ||| STILL RETREEAATING.
  8870 | Lair:2   | 8870 ||| STILL RETREEAATING.
  8871 | Lair:2   | 8871 ||| STILL RETREEAATING.
  8872 | Lair:2   | 8872 ||| Stepping ~*~*~tactically~*~*~ (retreating).
  8873 | Lair:2   | 8873 ||| Stepping ~*~*~tactically~*~*~ (retreating).
  8874 | Lair:2   | 8874 ||| Stepping ~*~*~tactically~*~*~ (retreating).
  8875 | Lair:2   | 8875 ||| Stepping ~*~*~tactically~*~*~ (retreating).
  8876 | Lair:2   | 8876 ||| Stepping ~*~*~tactically~*~*~ (retreating).
  8877 | Lair:2   | 8877 ||| STILL RETREEAATING.
  8878 | Lair:2   | 8878 ||| Stepping ~*~*~tactically~*~*~ (retreating).
  8879 | Lair:2   | 8879 ||| INVOKING Heroism.
  8890 | Lair:2   | Killed a boulder beetle
  8895 | Lair:2   | Reached ***** piety under Okawaru
  9069 | Lair:2   | 9069 ||| INVOKING Heroism.
  9077 | Lair:2   | Reached skill level 9 in Invocations
  9165 | Lair:2   | 9165 ||| INVOKING Heroism.
  9239 | Lair:2   | 9239 ||| INVOKING Heroism.
  9265 | Lair:2   | 9265 ||| RETREEAATING.
  9266 | Lair:2   | 9266 ||| STILL RETREEAATING.
  9267 | Lair:2   | 9267 ||| STILL RETREEAATING.
  9268 | Lair:2   | 9268 ||| Stepping ~*~*~tactically~*~*~ (retreating).
  9269 | Lair:2   | 9269 ||| Stepping ~*~*~tactically~*~*~ (retreating).
  9270 | Lair:2   | 9270 ||| Stepping ~*~*~tactically~*~*~ (retreating).
  9271 | Lair:2   | 9271 ||| Stepping ~*~*~tactically~*~*~ (retreating).
  9272 | Lair:2   | 9272 ||| Stepping ~*~*~tactically~*~*~ (retreating).
  9736 | Lair:2   | 9736 ||| DROPPING ring of see invisible.
  9737 | Lair:2   | 9737 ||| DROPPING ring of magical power.
  9738 | Lair:2   | 9738 ||| READING 2 scrolls of identify.
  9738 | Lair:2   | 9738 ||| IDENTIFYING white potion
  9739 | Lair:2   | 9739 ||| DROPPING potion of attraction.
  9759 | Lair:3   | 9759 ||| FLEEEEING.
  9760 | Lair:3   | 9760 ||| STAIRDANCE
  9850 | Lair:3   | 9850 ||| INVOKING Heroism.
  9857 | Lair:3   | Noticed Gastronok
  9868 | Lair:3   | Killed Gastronok
  9923 | Lair:3   | 9923 ||| INVOKING Heroism.
  9924 | Lair:3   | 9924 ||| INVOKING Finesse.
  9931 | Lair:3   | Reached skill level 15 in Ranged Weapons
 10047 | Lair:3   | 10047 ||| INVOKING Heroism.
 10131 | Lair:3   | Noticed an eleionoma
 10133 | Lair:3   | Found a staircase to the Swamp.
 10146 | Lair:3   | Killed an eleionoma
 10147 | Lair:3   | Reached XP level 13. HP: 59/82 MP: 20/20
 10220 | Lair:3   | 10220 ||| INVOKING Heroism.
 10867 | Lair:3   | 10867 ||| UPGRADING to +0 hat of willpower.
 10873 | Lair:3   | 10873 ||| READING 6 scrolls of identify.
 10873 | Lair:3   | 10873 ||| IDENTIFYING purple potion
 10874 | Lair:3   | 10874 ||| READING 5 scrolls of identify.
 10874 | Lair:3   | 10874 ||| IDENTIFYING fuming emerald potion
 10881 | Lair:3   | 10881 ||| READING 4 scrolls of identify.
 10881 | Lair:3   | 10881 ||| IDENTIFYING sapphire potion
 10890 | Lair:3   | 10890 ||| READING 3 scrolls of identify.
 10890 | Lair:3   | 10890 ||| IDENTIFYING orange potion
 10891 | Lair:3   | 10891 ||| DROPPING potion of lignification.
 10914 | Lair:4   | 10914 ||| INVOKING Heroism.
 10915 | Lair:4   | 10915 ||| STAIRDANCE
 10927 | Lair:4   | 10927 ||| INVOKING Finesse.
 10928 | Lair:4   | 10928 ||| STAIRDANCE
 10962 | Lair:4   | 10962 ||| STAIRDANCE
 10964 | Lair:3   | 10964 ||| INVOKING Heroism.
 11058 | Lair:4   | 11058 ||| STAIRDANCE
 11060 | Lair:3   | 11060 ||| INVOKING Heroism.
 11076 | Lair:3   | HP: 12/83 [death yak (14)]
 11077 | Lair:3   | 11077 ||| READING 3 scrolls of teleportation.
 11078 | Lair:3   | 11078 ||| DRINKING 2 potions of heal wounds.
 11255 | Lair:4   | Noticed Josephine
 11259 | Lair:4   | 11259 ||| STAIRDANCE
 11279 | Lair:4   | 11279 ||| STAIRDANCE
 11346 | Lair:4   | 11346 ||| STAIRDANCE
 11386 | Lair:4   | 11386 ||| STAIRDANCE
 11396 | Lair:4   | 11396 ||| STAIRDANCE
 11404 | Lair:4   | 11404 ||| STAIRDANCE
 11406 | Lair:3   | 11406 ||| INVOKING Heroism.
 11423 | Lair:4   | 11423 ||| STAIRDANCE
 11448 | Lair:4   | 11448 ||| STAIRDANCE
 11450 | Lair:3   | 11450 ||| INVOKING Heroism.
 11482 | Lair:4   | 11482 ||| STAIRDANCE
 11490 | Lair:4   | 11490 ||| STAIRDANCE
 11530 | Lair:4   | 11530 ||| STAIRDANCE
 11532 | Lair:3   | 11532 ||| INVOKING Heroism.
 11556 | Lair:4   | 11556 ||| STAIRDANCE
 11559 | Lair:3   | Killed Josephine
 11577 | Lair:4   | 11577 ||| STAIRDANCE
 11606 | Lair:4   | 11606 ||| INVOKING Heroism.
 11607 | Lair:4   | 11607 ||| STAIRDANCE
 11632 | Lair:4   | Found a blossoming altar of Fedhas.
 11701 | Lair:4   | 11701 ||| INVOKING Heroism.
 11726 | Lair:4   | You fall into a shaft and drop 1 floor!
 11726 | Lair:5   | Entered Level 5 of the Lair of Beasts
 11806 | Lair:5   | Noticed Snorg
 11807 | Lair:5   | 11807 ||| INVOKING Heroism.
 11809 | Lair:5   | 11809 ||| RETREEAATING.
 11810 | Lair:5   | 11810 ||| STILL RETREEAATING.
 11811 | Lair:5   | 11811 ||| Stepping ~*~*~tactically~*~*~ (retreating).
 11812 | Lair:5   | 11812 ||| Stepping ~*~*~tactically~*~*~ (retreating).
 11813 | Lair:5   | 11813 ||| Stepping ~*~*~tactically~*~*~ (retreating).
 11814 | Lair:5   | 11814 ||| Stepping ~*~*~tactically~*~*~ (retreating).
 11828 | Lair:5   | Killed Snorg
 12060 | Lair:5   | 12060 ||| INVOKING Heroism.
 12113 | Lair:5   | 12113 ||| DROPPING +0 troll leather armour.
 12114 | Lair:5   | 12114 ||| UPGRADING to +3 troll leather armour {Snorg}.
 12124 | Lair:5   | 12124 ||| DROPPING +3 leather armour of cold resistance.
 12170 | Lair:4   | 12170 ||| INVOKING Heroism.
 12188 | Lair:4   | Reached skill level 6 in Dodging
 12842 | Lair:4   | 12842 ||| DROPPING +0 ring mail of poison resistance.
 12990 | Lair:5   | Found a staircase to the Slime Pits.
 13007 | Lair:5   | 13007 ||| READING 3 scrolls of enchant armour.
 13007 | Lair:5   | 13007 ||| ENCHANTING +1 pair of gloves.
 13008 | Lair:5   | 13008 ||| READING 2 scrolls of enchant armour.
 13008 | Lair:5   | 13008 ||| ENCHANTING +0 hat of willpower.
 13009 | Lair:5   | 13009 ||| READING scroll of enchant armour.
 13009 | Lair:5   | 13009 ||| ENCHANTING +1 hat of willpower.
 13109 | Lair:5   | Noticed a dire elephant
 13109 | Lair:5   | Noticed a dire elephant
 13110 | Lair:5   | 13110 ||| RETREEAATING.
 13111 | Lair:5   | 13111 ||| STILL RETREEAATING.
 13112 | Lair:5   | 13112 ||| STILL RETREEAATING.
 13113 | Lair:5   | 13113 ||| STILL RETREEAATING.
 13114 | Lair:5   | 13114 ||| STILL RETREEAATING.
 13115 | Lair:5   | 13115 ||| STILL RETREEAATING.
 13116 | Lair:5   | 13116 ||| STILL RETREEAATING.
 13117 | Lair:5   | 13117 ||| STILL RETREEAATING.
 13119 | Lair:5   | 13119 ||| Stepping ~*~*~tactically~*~*~ (retreating).
 13120 | Lair:5   | 13120 ||| INVOKING Heroism.
 13133 | Lair:5   | Killed a dire elephant
 13268 | Lair:5   | Gained mutation: Your large and strong wings let you fly.
                  | [Gargoyle growth]
 13268 | Lair:5   | Reached XP level 14. HP: 90/90 MP: 21/21
 13306 | Lair:5   | Received a gift from Okawaru
 13367 | Lair:5   | Reached skill level 18 in Ranged Weapons
 13699 | Lair:5   | 13699 ||| RETREEAATING.
 13700 | Lair:5   | 13700 ||| STILL RETREEAATING.
 13701 | Lair:5   | 13701 ||| INVOKING Heroism.
 13713 | Lair:5   | Killed a dire elephant
 13731 | Lair:5   | Identified the ring "Jitoysm" {Str+6 Int+6}
 13763 | Lair:5   | Reached skill level 12 in Fighting
 13783 | Lair:5   | 13783 ||| INVOKING Heroism.
 13784 | Lair:5   | 13784 ||| INVOKING Finesse.
 13785 | Lair:5   | 13785 ||| DROPPING ring of positive energy.
 13839 | Lair:5   | 13839 ||| PLANNING D:1-11
 14001 | D:10     | Entered Level 10 of the Dungeon
 14206 | D:10     | Noticed Harold
 14216 | D:10     | Killed Harold
 14470 | D:10     | Received a gift from Okawaru
 14661 | D:10     | 14661 ||| READING scroll of enchant armour.
 14661 | D:10     | 14661 ||| ENCHANTING +0 cloak.
 14734 | D:10     | Found a hazy altar of Hepliaklqana.
 14737 | D:10     | 14737 ||| DROPPING ring of ice.
 14779 | D:11     | 14779 ||| STAIRDANCE
 14918 | D:11     | 14918 ||| INVOKING Heroism.
 14919 | D:11     | 14919 ||| Stepping ~*~*~tactically~*~*~ (retreating).
 14920 | D:11     | 14920 ||| Stepping ~*~*~tactically~*~*~ (retreating).
 14921 | D:11     | 14921 ||| Stepping ~*~*~tactically~*~*~ (retreating).
 14926 | D:11     | 14926 ||| Stepping ~*~*~tactically~*~*~ (retreating).
 14931 | D:11     | 14931 ||| Stepping ~*~*~tactically~*~*~ (retreating).
 14932 | D:11     | 14932 ||| Stepping ~*~*~tactically~*~*~ (retreating).
 15006 | D:11     | 15006 ||| INVOKING Heroism.
 15097 | D:11     | 15097 ||| READING scroll of enchant armour.
 15097 | D:11     | 15097 ||| ENCHANTING +1 cloak.
 15128 | D:11     | 15128 ||| INVOKING Heroism.
 15129 | D:11     | 15129 ||| INVOKING Finesse.
 15208 | D:11     | 15208 ||| INVOKING Heroism.
 15441 | D:11     | 15441 ||| PLANNING D
 15441 | D:11     | 15441 ||| READING scroll labelled NUK SARPHEESTRYV.
 15472 | D:12     | 15472 ||| STAIRDANCE
 15474 | D:11     | 15474 ||| DRINKING 3 potions of curing.
 15474 | D:11     | 15474 ||| (to cure confusion)
 15582 | D:12     | 15582 ||| INVOKING Heroism.
 15666 | D:12     | 15666 ||| INVOKING Heroism.
 15835 | D:12     | Found a staircase to the Orcish Mines.
 15901 | D:13     | Noticed Urug
 15901 | D:13     | Found a gate to the Vaults.
 15902 | D:13     | 15902 ||| RETREEAATING.
 15903 | D:13     | 15903 ||| INVOKING Heroism.
 15916 | D:13     | Killed Urug
 15917 | D:13     | 15917 ||| Stepping ~*~*~tactically~*~*~ (retreating).
 15918 | D:13     | 15918 ||| Stepping ~*~*~tactically~*~*~ (retreating).
 15919 | D:13     | 15919 ||| Stepping ~*~*~tactically~*~*~ (retreating).
 15920 | D:13     | 15920 ||| Stepping ~*~*~tactically~*~*~ (retreating).
 15921 | D:13     | 15921 ||| Stepping ~*~*~tactically~*~*~ (retreating).
 16112 | D:13     | Noticed Sonja
 16113 | D:13     | 16113 ||| INVOKING Finesse.
 16124 | D:13     | Killed Sonja
 16204 | D:13     | Reached XP level 15. HP: 98/98 MP: 22/22
 16875 | D:13     | 16875 ||| UPGRADING to scarf of resistance.
 16885 | D:13     | 16885 ||| READING 2 scrolls labelled IREIQE GOPONN.
 16945 | D:14     | 16945 ||| INVOKING Heroism.
 16946 | D:14     | 16946 ||| RETREEAATING.
 16947 | D:14     | 16947 ||| STAIRDANCE
 16958 | D:14     | 16958 ||| RETREEAATING.
 16960 | D:14     | 16960 ||| STILL RETREEAATING.
 16978 | D:14     | 16978 ||| STILL RETREEAATING.
 16979 | D:14     | 16979 ||| RETREEAATING.
 16980 | D:14     | 16980 ||| STILL RETREEAATING.
 16994 | D:14     | 16994 ||| FLEEEEING.
 16995 | D:14     | 16995 ||| FLEEEEING.
 17000 | D:14     | 17000 ||| STAIRDANCE
 17017 | D:14     | 17017 ||| INVOKING Heroism.
 17018 | D:14     | 17018 ||| STAIRDANCE
 17030 | D:14     | 17030 ||| STAIRDANCE
 17049 | D:14     | 17049 ||| STAIRDANCE
 17068 | D:14     | 17068 ||| STAIRDANCE
 17087 | D:14     | 17087 ||| STAIRDANCE
 17117 | D:14     | 17117 ||| STAIRDANCE
 17128 | D:14     | 17128 ||| STAIRDANCE
 17153 | D:14     | 17153 ||| STAIRDANCE
 17169 | D:14     | 17169 ||| STAIRDANCE
 17232 | D:14     | Received a gift from Okawaru
 17250 | D:14     | 17250 ||| INVOKING Heroism.
 17393 | D:14     | 17393 ||| INVOKING Heroism.
 17426 | D:14     | Noticed a tengu reaver
 17439 | D:14     | Killed a tengu reaver
 17450 | D:14     | Identified the +0 trident of Crusades {flame, rF++ rN+
                  | Str+3 SInv}
 17452 | D:14     | Identified the +2 short sword of Riusups {heavy, rCorr
                  | Stlth+}
 17454 | D:14     | Identified the +4 mace of Responsibility {heavy, rC+ rN+
                  | MP+9}
 17455 | D:14     | Identified the +8 short sword of Bright Resourcefulness
                  | {flame, Will+}
 17466 | D:14     | 17466 ||| INVOKING Heroism.
 17551 | D:14     | Received a gift from Okawaru
 17778 | D:14     | 17778 ||| INVOKING Heroism.
 17912 | D:15     | Entered Level 15 of the Dungeon
 17929 | D:15     | 17929 ||| RETREEAATING.
 17985 | D:15     | Noticed Jorgrun
 17986 | D:15     | 17986 ||| INVOKING Heroism.
 17987 | D:15     | 17987 ||| INVOKING Finesse.
 18001 | D:15     | Killed Jorgrun
 18110 | D:15     | 18110 ||| INVOKING Heroism.
 18132 | D:15     | 18132 ||| INVOKING Finesse.
 18356 | D:15     | Reached skill level 15 in Fighting
 18516 | D:15     | Found a staircase to the Depths.
 18625 | D:15     | 18625 ||| PLANNING ORC
 18625 | D:15     | 18625 ||| UPGRADING to +0 pair of boots.
 18630 | D:15     | 18630 ||| READING 3 scrolls of enchant armour.
 18630 | D:15     | 18630 ||| ENCHANTING +0 pair of boots.
 18631 | D:15     | 18631 ||| READING 2 scrolls of enchant armour.
 18631 | D:15     | 18631 ||| ENCHANTING +1 pair of boots.
 18703 | Orc:1    | Entered Level 1 of the Orcish Mines
 18708 | Orc:1    | 18708 ||| INVOKING Heroism.
 18720 | Orc:1    | 18720 ||| RETREEAATING.
 18721 | Orc:1    | 18721 ||| STILL RETREEAATING.
 18722 | Orc:1    | 18722 ||| STAIRDANCE
 18727 | Orc:1    | 18727 ||| STAIRDANCE
 18745 | Orc:1    | 18745 ||| STAIRDANCE
 18752 | Orc:1    | 18752 ||| STAIRDANCE
 18791 | Orc:1    | 18791 ||| INVOKING Heroism.
 19134 | Orc:1    | Found a transporter.
 19357 | Orc:2    | Entered Level 2 of the Orcish Mines
 19357 | Orc:2    | Noticed Saint Roka
 19358 | Orc:2    | 19358 ||| RETREEAATING.
 19359 | Orc:2    | 19359 ||| INVOKING Heroism.
 19360 | Orc:2    | 19360 ||| INVOKING Finesse.
 19417 | Orc:2    | Killed Saint Roka
 19418 | Orc:2    | Reached skill level 9 in Dodging
 19418 | Orc:2    | Reached XP level 16. HP: 31/108 MP: 17/23
 19418 | Orc:2    | 19418 ||| FLEEEEING.
 19419 | Orc:2    | 19419 ||| STAIRDANCE
 19485 | Orc:2    | 19485 ||| STAIRDANCE
 19517 | Orc:2    | 19517 ||| INVOKING Heroism.
 19518 | Orc:2    | 19518 ||| INVOKING Finesse.
 19665 | Orc:2    | 19665 ||| INVOKING Heroism.
 19740 | Orc:2    | 19740 ||| INVOKING Heroism.
 19753 | Orc:2    | Reached skill level 6 in Armour
 19780 | Orc:2    | Found Fapry's Magic Scroll Emporium.
 19780 | Orc:2    | Found Egeat's Magic Scroll Boutique.
 19819 | Orc:2    | 19819 ||| FLEEEEING.
 19820 | Orc:2    | 19820 ||| FLEEEEING.
 19821 | Orc:2    | 19821 ||| FLEEEEING.
 19822 | Orc:2    | 19822 ||| FLEEEEING.
 19865 | Orc:2    | 19865 ||| INVOKING Heroism.
 19902 | Orc:2    | 19902 ||| BUYING 3 scrolls of enchant weapon (247 gold).
 19902 | Orc:2    | Bought 3 scrolls of enchant weapon for 247 gold pieces
 19902 | Orc:2    | 19902 ||| BUYING scroll of enchant armour (82 gold).
 19902 | Orc:2    | Bought a scroll of enchant armour for 82 gold pieces
 19902 | Orc:2    | 19902 ||| BUYING scroll of enchant weapon (82 gold).
 19902 | Orc:2    | Bought a scroll of enchant weapon for 82 gold pieces
 19902 | Orc:2    | 19902 ||| BUYING scroll of enchant weapon (82 gold).
 19902 | Orc:2    | Bought a scroll of enchant weapon for 82 gold pieces
 19902 | Orc:2    | 19902 ||| BUYING scroll of teleportation (33 gold).
 19902 | Orc:2    | Bought a scroll of teleportation for 33 gold pieces
 19902 | Orc:2    | 19902 ||| BUYING scroll of teleportation (33 gold).
 19902 | Orc:2    | Bought a scroll of teleportation for 33 gold pieces
 19911 | Orc:2    | 19911 ||| BUYING scroll of teleportation (30 gold).
 19911 | Orc:2    | Bought a scroll of teleportation for 30 gold pieces
 19911 | Orc:2    | 19911 ||| BUYING scroll of teleportation (30 gold).
 19911 | Orc:2    | Bought a scroll of teleportation for 30 gold pieces
 19972 | Orc:2    | Found Qyz Gunn's Distillery.
 19972 | Orc:2    | Found Uttuv's General Store.
 19979 | Orc:2    | 19979 ||| BUYING scroll of enchant armour (90 gold).
 19979 | Orc:2    | Bought a scroll of enchant armour for 90 gold pieces
 19993 | Orc:2    | 19993 ||| BUYING potion of curing (36 gold).
 19993 | Orc:2    | Bought a potion of curing for 36 gold pieces
 19993 | Orc:2    | 19993 ||| BUYING potion of haste (120 gold).
 19993 | Orc:2    | Bought a potion of haste for 120 gold pieces
 19993 | Orc:2    | 19993 ||| BUYING potion of heal wounds (60 gold).
 19993 | Orc:2    | Bought a potion of heal wounds for 60 gold pieces
 19993 | Orc:2    | 19993 ||| BUYING potion of mutation (96 gold).
 19993 | Orc:2    | Bought a potion of mutation for 96 gold pieces
 19997 | Orc:2    | Found a staircase to the Elven Halls.
 20236 | Orc:2    | 20236 ||| PLANNING SNAKE:1-3
 20418 | Snake:1  | Entered Level 1 of the Snake Pit
 20475 | Snake:1  | 20475 ||| INVOKING Heroism.
 20666 | Snake:1  | Received a gift from Okawaru
 20686 | Snake:1  | 20686 ||| RETREEAATING.
 20687 | Snake:1  | 20687 ||| STILL RETREEAATING.
 20688 | Snake:1  | 20688 ||| STILL RETREEAATING.
 20689 | Snake:1  | 20689 ||| Stepping ~*~*~tactically~*~*~ (retreating).
 20690 | Snake:1  | 20690 ||| Stepping ~*~*~tactically~*~*~ (retreating).
 20691 | Snake:1  | 20691 ||| Stepping ~*~*~tactically~*~*~ (retreating).
 20693 | Snake:1  | 20693 ||| Stepping ~*~*~tactically~*~*~ (retreating).
 20694 | Snake:1  | 20694 ||| Stepping ~*~*~tactically~*~*~ (retreating).
 20695 | Snake:1  | 20695 ||| Stepping ~*~*~tactically~*~*~ (retreating).
 20696 | Snake:1  | 20696 ||| Stepping ~*~*~tactically~*~*~ (retreating).
 20697 | Snake:1  | 20697 ||| Stepping ~*~*~tactically~*~*~ (retreating).
 20698 | Snake:1  | 20698 ||| Stepping ~*~*~tactically~*~*~ (retreating).
 20873 | Snake:1  | Found Worr's Magic Scroll Emporium.
 20881 | Snake:1  | 20881 ||| BUYING scroll of teleportation (45 gold).
 20881 | Snake:1  | Bought a scroll of teleportation for 45 gold pieces
 20881 | Snake:1  | 20881 ||| BUYING scroll of teleportation (45 gold).
 20881 | Snake:1  | Bought a scroll of teleportation for 45 gold pieces
 21008 | Snake:1  | Found Deg Led's Jewellery Boutique.
 21010 | Snake:1  | Found Mytuenoi's Book Shoppe.
 21015 | Snake:1  | Found Xuafapn's Jewellery Boutique.
 21021 | Snake:1  | 21021 ||| BUYING +4 ring of protection (540 gold).
 21021 | Snake:1  | Bought a +4 ring of protection for 540 gold pieces
 21021 | Snake:1  | 21021 ||| BUYING ring "Atule Yqam" {rPois rF+ Will+} (627
                  | gold).
 21021 | Snake:1  | Bought the ring "Atule Yqam" {rPois rF+ Will+} for 627 gold
                  | pieces
 21025 | Snake:1  | 21025 ||| SHOPLISTING +5 ring of evasion (648 gold, have
                  | 523).
 21025 | Snake:1  | 21025 ||| SHOPLISTING amulet of faith (720 gold, have 523).
 21113 | Snake:1  | 21113 ||| INVOKING Heroism.
 21321 | Snake:1  | 21321 ||| DROPPING ring of willpower.
 21322 | Snake:1  | 21322 ||| DROPPING ring of protection from fire.
 21323 | Snake:1  | 21323 ||| DROPPING ring "Jitoysm" {Str+6 Int+6}.
 21366 | Snake:2  | 21366 ||| RETREEAATING.
 21370 | Snake:2  | 21370 ||| Stepping ~*~*~tactically~*~*~ (retreating).
 21371 | Snake:2  | 21371 ||| Stepping ~*~*~tactically~*~*~ (retreating).
 21410 | Snake:2  | 21410 ||| FLEEEEING.
 21411 | Snake:2  | 21411 ||| FLEEEEING.
 21412 | Snake:2  | Noticed Kirke
 21413 | Snake:2  | 21413 ||| STAIRDANCE
 21429 | Snake:2  | 21429 ||| STAIRDANCE
 21431 | Snake:1  | 21431 ||| INVOKING Heroism.
 21432 | Snake:1  | 21432 ||| INVOKING Finesse.
 21439 | Snake:1  | Killed Kirke
 21478 | Snake:2  | 21478 ||| STAIRDANCE
 21485 | Snake:2  | 21485 ||| RETREEAATING.
 21487 | Snake:2  | 21487 ||| STILL RETREEAATING.
 21488 | Snake:2  | 21488 ||| STILL RETREEAATING.
 21489 | Snake:2  | 21489 ||| Stepping ~*~*~tactically~*~*~ (retreating).
 21490 | Snake:2  | 21490 ||| Stepping ~*~*~tactically~*~*~ (retreating).
 21491 | Snake:2  | 21491 ||| Stepping ~*~*~tactically~*~*~ (retreating).
 21492 | Snake:2  | 21492 ||| Stepping ~*~*~tactically~*~*~ (retreating).
 21504 | Snake:2  | 21504 ||| INVOKING Heroism.
 21557 | Snake:2  | 21557 ||| INVOKING Heroism.
 21569 | Snake:2  | 21569 ||| RETREEAATING.
 21570 | Snake:2  | 21570 ||| STILL RETREEAATING.
 21571 | Snake:2  | 21571 ||| STILL RETREEAATING.
 21584 | Snake:2  | 21584 ||| RETREEAATING.
 21717 | Snake:2  | Found a shimmering altar of Xom.
 21729 | Snake:2  | Received a gift from Okawaru
 21749 | Snake:2  | 21749 ||| RETREEAATING.
 21752 | Snake:2  | 21752 ||| STILL RETREEAATING.
 21754 | Snake:2  | 21754 ||| Stepping ~*~*~tactically~*~*~ (retreating).
 21755 | Snake:2  | 21755 ||| Stepping ~*~*~tactically~*~*~ (retreating).
 21764 | Snake:2  | 21764 ||| Stepping ~*~*~tactically~*~*~ (retreating).
 21999 | Snake:2  | 21999 ||| RETREEAATING.
 22004 | Snake:2  | 22004 ||| STILL RETREEAATING.
 22014 | Snake:2  | 22014 ||| STILL RETREEAATING.
 22033 | Snake:2  | Reached skill level 18 in Fighting
 22086 | Snake:2  | 22086 ||| RETREEAATING.
 22087 | Snake:2  | 22087 ||| STILL RETREEAATING.
 22089 | Snake:2  | 22089 ||| RETREEAATING.
 22091 | Snake:2  | 22091 ||| RETREEAATING.
 22093 | Snake:2  | 22093 ||| RETREEAATING.
 22102 | Snake:2  | 22102 ||| Stepping ~*~*~tactically~*~*~ (retreating).
 22103 | Snake:2  | 22103 ||| Stepping ~*~*~tactically~*~*~ (retreating).
 22104 | Snake:2  | 22104 ||| Stepping ~*~*~tactically~*~*~ (retreating).
 22105 | Snake:2  | 22105 ||| Stepping ~*~*~tactically~*~*~ (retreating).
 22106 | Snake:2  | 22106 ||| Stepping ~*~*~tactically~*~*~ (retreating).
 22107 | Snake:2  | 22107 ||| Stepping ~*~*~tactically~*~*~ (retreating).
 22108 | Snake:2  | 22108 ||| Stepping ~*~*~tactically~*~*~ (retreating).
 22113 | Snake:2  | 22113 ||| INVOKING Heroism.
 22132 | Snake:2  | Reached XP level 17. HP: 59/119 MP: 22/24
 22139 | Snake:2  | Received a gift from Okawaru
 22498 | Snake:3  | 22498 ||| INVOKING Heroism.
 22565 | Snake:3  | Found Cuq Qeoss's Book Emporium.
 22577 | Snake:3  | 22577 ||| INVOKING Heroism.
 22790 | Snake:3  | 22790 ||| INVOKING Heroism.
 22839 | Snake:3  | Found Kesioh's Distillery.
 22854 | Snake:3  | 22854 ||| BUYING potion of heal wounds (70 gold).
 22854 | Snake:3  | Bought a potion of heal wounds for 70 gold pieces
 22854 | Snake:3  | 22854 ||| BUYING potion of might (56 gold).
 22854 | Snake:3  | Bought a potion of might for 56 gold pieces
 22854 | Snake:3  | 22854 ||| BUYING potion of might (56 gold).
 22854 | Snake:3  | Bought a potion of might for 56 gold pieces
 22854 | Snake:3  | 22854 ||| BUYING potion of mutation (112 gold).
 22854 | Snake:3  | Bought a potion of mutation for 112 gold pieces
 22944 | Snake:3  | 22944 ||| RETREEAATING.
 23038 | Snake:3  | 23038 ||| Stepping ~*~*~tactically~*~*~ (retreating).
 23039 | Snake:3  | 23039 ||| Stepping ~*~*~tactically~*~*~ (retreating).
 23040 | Snake:3  | 23040 ||| Stepping ~*~*~tactically~*~*~ (retreating).
 23041 | Snake:3  | 23041 ||| Stepping ~*~*~tactically~*~*~ (retreating).
 23042 | Snake:3  | 23042 ||| Stepping ~*~*~tactically~*~*~ (retreating).
 23043 | Snake:3  | 23043 ||| Stepping ~*~*~tactically~*~*~ (retreating).
 23164 | Snake:3  | 23164 ||| INVOKING Heroism.
 23199 | Snake:3  | Received a gift from Okawaru
 23351 | Snake:3  | 23351 ||| PLANNING SWAMP:1-3
 23463 | Swamp:1  | Entered Level 1 of the Swamp
 23463 | Swamp:1  | Noticed Nikola
 23464 | Swamp:1  | 23464 ||| STAIRDANCE
 23466 | Lair:3   | 23466 ||| INVOKING Heroism.
 23467 | Lair:3   | 23467 ||| INVOKING Finesse.
 23479 | Lair:3   | Killed Nikola
 23599 | Swamp:1  | 23599 ||| STAIRDANCE
 23600 | Swamp:1  | 23600 ||| Stepping ~*~*~tactically~*~*~ (retreating).
 23601 | Swamp:1  | 23601 ||| Stepping ~*~*~tactically~*~*~ (retreating).
 23602 | Swamp:1  | 23602 ||| Stepping ~*~*~tactically~*~*~ (retreating).
 23603 | Swamp:1  | 23603 ||| Stepping ~*~*~tactically~*~*~ (retreating).
 23604 | Swamp:1  | 23604 ||| Stepping ~*~*~tactically~*~*~ (retreating).
 23605 | Swamp:1  | 23605 ||| Stepping ~*~*~tactically~*~*~ (retreating).
 23606 | Swamp:1  | 23606 ||| Stepping ~*~*~tactically~*~*~ (retreating).
 23607 | Swamp:1  | 23607 ||| INVOKING Heroism.
 23626 | Swamp:1  | HP: 26/120 [goliath frog (13)]
 23627 | Swamp:1  | 23627 ||| READING 12 scrolls of teleportation.
 23628 | Swamp:1  | 23628 ||| DRINKING 3 potions of heal wounds.
 23629 | Swamp:1  | 23629 ||| DRINKING 2 potions of heal wounds.
 23632 | Swamp:1  | HP: 29/120 [constriction (4)]
 23633 | Swamp:1  | 23633 ||| DRINKING potion of heal wounds.
 23633 | Swamp:1  | HP: 13/120 [spore (37)]
 23634 | Swamp:1  | 23634 ||| READING 11 scrolls of teleportation.
 23643 | Swamp:1  | 23643 ||| READING 10 scrolls of teleportation.
 23775 | Swamp:1  | 23775 ||| INVOKING Heroism.
 23865 | Swamp:1  | 23865 ||| INVOKING Heroism.
 23969 | Swamp:1  | 23969 ||| INVOKING Heroism.
 24262 | Swamp:2  | 24262 ||| INVOKING Heroism.
 24262 | Swamp:2  | Noticed a tentacled monstrosity
 24275 | Swamp:2  | Killed a tentacled monstrosity
 24315 | Swamp:2  | 24315 ||| RETREEAATING.
 24321 | Swamp:2  | 24321 ||| INVOKING Heroism.
 24396 | Swamp:2  | 24396 ||| RETREEAATING.
 24833 | Swamp:2  | 24833 ||| INVOKING Heroism.
 24950 | Swamp:2  | 24950 ||| READING 21 scrolls of identify.
 24950 | Swamp:2  | 24950 ||| IDENTIFYING grey potion
 24951 | Swamp:2  | 24951 ||| DROPPING potion of ambrosia.
 25001 | Swamp:3  | 25001 ||| FLEEEEING.
 25002 | Swamp:3  | 25002 ||| FLEEEEING.
 25003 | Swamp:3  | 25003 ||| FLEEEEING.
 25004 | Swamp:3  | 25004 ||| FLEEEEING.
 25062 | Swamp:3  | 25062 ||| INVOKING Heroism.
 25092 | Swamp:3  | Found a runed translucent door.
 25133 | Swamp:3  | 25133 ||| Stepping ~*~*~tactically~*~*~ (retreating).
 25134 | Swamp:3  | 25134 ||| Stepping ~*~*~tactically~*~*~ (retreating).
 25135 | Swamp:3  | 25135 ||| Stepping ~*~*~tactically~*~*~ (retreating).
 25136 | Swamp:3  | 25136 ||| Stepping ~*~*~tactically~*~*~ (retreating).
 25137 | Swamp:3  | 25137 ||| Stepping ~*~*~tactically~*~*~ (retreating).
 25138 | Swamp:3  | 25138 ||| Stepping ~*~*~tactically~*~*~ (retreating).
 25139 | Swamp:3  | 25139 ||| Stepping ~*~*~tactically~*~*~ (retreating).
 25140 | Swamp:3  | 25140 ||| Stepping ~*~*~tactically~*~*~ (retreating).
 25500 | Swamp:3  | 25500 ||| INVOKING Heroism.
 25538 | Swamp:3  | Reached XP level 18. HP: 129/129 MP: 25/25
 25799 | Swamp:3  | 25799 ||| PLANNING SNAKE:4
 25960 | Snake:4  | Entered Level 4 of the Snake Pit
 25974 | Snake:4  | 25974 ||| STAIRDANCE
 26084 | Snake:4  | 26084 ||| RETREEAATING.
 26085 | Snake:4  | 26085 ||| STILL RETREEAATING.
 26086 | Snake:4  | 26086 ||| STILL RETREEAATING.
 26093 | Snake:4  | 26093 ||| INVOKING Heroism.
 26104 | Snake:4  | Noticed Vashnia
 26108 | Snake:4  | Noticed Bai Suzhen
 26114 | Snake:4  | 26114 ||| RETREEAATING.
 26115 | Snake:4  | 26115 ||| STILL RETREEAATING.
 26116 | Snake:4  | 26116 ||| STILL RETREEAATING.
 26117 | Snake:4  | 26117 ||| STILL RETREEAATING.
 26118 | Snake:4  | 26118 ||| STILL RETREEAATING.
 26142 | Snake:4  | HP: 31/129 [four-headed hydra[Bai Suzhen] (6)]
 26143 | Snake:4  | 26143 ||| READING 9 scrolls of teleportation.
 26144 | Snake:4  | HP: 12/129 [naga sharpshooter/bolt[Vashnia] (10)]
 26148 | Snake:4  | Shot with an arrow by a naga sharpshooter

Levels and vault maps discovered:
D:1:      dpeg_arrival_rooms_c, layout_basic
D:2:      layout_basic
D:3:      layout_loops_ring, grunt_dithmenos_smoke,
          chequers_temple_overflow_statue_of_worship
D:4:      layout_rooms, mainiacjoe_overflow_brackets, vehumet_crystals,
          serial_forest, infiniplex_forest_end_double, infiniplex_forest_split,
          infiniplex_forest_lined_corner, infiniplex_forest_straight_2,
          infiniplex_forest_straight_4, serial_park_tiny_2
D:5:      layout_basic, slow_altar_2
D:6:      layout_basic, marbit_many_paths, minmay_strange_pillars,
          uniq_eustachio, uniq_blork_the_orc
D:7:      layout_basic, nicolae_overflow_crystal_walls, tgw_kikubaaqudgha,
          minmay_temple_entry_drinking_statues, serial_shops, shop,
          minmay_guarded_unrand_staff_of_olgreb
D:8:      layout_layer_cave, mainiacjoe_overflow_surrounded_room, uniq_maurice
D:9:      layout_gridville, lair_entry_dummy, uniq_erica
D:10:     layout_basic, nicolae_hepliaklqana_hippocampus, grunt_ministairs_12,
          uniq_harold
D:11:     layout_cave_pools, kennysheep_potato
D:12:     layout_small_grid, orc_0_dummy
D:13:     layout_loops_corners, david_vaults_3, minmay_misc_feat_plants,
          uniq_sonja
D:14:     minmay_the_grid_4x2 [minmay_the_grid_square_x, minmay_the_grid_x,
          minmay_the_grid_box_x, minmay_the_grid_dragon_a,
          minmay_the_grid_minigrid_medium, minmay_the_grid_medium_cups,
          minmay_the_grid_minigrid_small_alt,
          minmay_the_grid_prize_diamond_cup], layout_cave_pools, kennysheep_nub
D:15:     hangedman_depths_entry_civil_slaughter, layout_gridville,
          hangedman_decor_riveting, uniq_jorgrun
Lair:1:   layout_loops_ring, gammafunk_ghost_ooze, enter_volcano_3,
          grunt_megastairs_2
Lair:2:   layout_gridlike, guppyfry_snake_entry_island, serial_bayou_shore_a
Lair:3:   cheibrodos_magma_flow, layout_chaotic_city,
          alex1729_swamp_entry_worm_eleionoma, uniq_gastronok
Lair:4:   layout_regular_city, basic_altar, uniq_josephine
Lair:5:   due_jungle_book, layout_regular_city, slime_entry_1, uniq_snorg
Swamp:1:  layout_falls_marsh, evilmike_swamp_ruin_rubble_2,
          infiniplex_staircase_pool, uniq_nikola
Swamp:2:  layout_basic_swamp, evilmike_swamp_ruin_house_3,
          nicolae_swamp_orc_logging_accident, nicolae_swamp_super_fun_site
Swamp:3:  gammafunk_mikee_crab_dinner, layout_basic_swamp, hangedman_swamp_cone
Snake:1:  layout_gridlike, serial_shops, shop, minmay_shop_grove
Snake:2:  layout_gridlike, basic_altar, nicolae_large_snake_swirl, uniq_kirke
Snake:3:  layout_basic, serial_shops, nicolae_shop_tiny_glass,
          nicolae_shop_stone, lemuel_fruit_tree
Snake:4:  grunt_snake_rune_pools, layout_cave_town, uniq_roxanne,
          uniq_bai_suzhen, uniq_vashnia
Orc:1:    emtedronai_trogs_sanctum, layout_diamond_mine
Orc:2:    st_orc_town, layout_diamond_mine, mines_bat_river, uniq_saint_roka

Skill      XL: |  1  2  3  4  5  6  7  8  9 10 11 12 13 14 15 16 17 |
---------------+----------------------------------------------------+-----
Ranged Weapons | 5 6 7 8 9 10 12 14 15 17 19 20 | 20.0
Fighting       | 3 4 5 6 7 8 9 10 11 13 15 18 20 | 20.0
Armour         | 1 2 5 6 8 |  8.0
Invocations    | 3 4 7 10 | 10.2
Dodging        | 2 3 4 5 6 7 9 10 11 | 11.8
Stealth        | |  1.1

Action                     |  1- 3 |  4- 6 |  7- 9 | 10-12 | 13-15 | 16-18 || total
---------------------------+-------+-------+-------+-------+-------+-------++-------
   Fire: Shortbow          |    78 |   192 |   212 |       |       |       ||   482
         Orcbow            |       |       |   175 |   134 |       |       ||   309
         Longbow           |       |       |       |   449 |  1424 |  1439 ||  3312
 Invoke: Heroism           |       |     1 |    14 |    22 |    33 |    25 ||    95
         Finesse           |       |       |       |     1 |     7 |     3 ||    11
    Use: Scroll            |     7 |     5 |     3 |     6 |    14 |     5 ||    40
         Potion            |       |     2 |     5 |     3 |     2 |     3 ||    15
 Armour: Leather armour    |    11 |    12 |    13 |    89 |    45 |       ||   170
         Ring mail         |       |    21 |   121 |       |       |       ||   142
         Troll leather arm |       |       |       |       |   186 |   275 ||   461
  Dodge: Dodged            |    11 |    38 |   164 |   141 |   401 |   445 ||  1200
  Block: Other             |     2 |    15 |    61 |    45 |   108 |   119 ||   350
         Reflection        |       |       |     1 |     1 |    11 |     6 ||    19

Table legend:
 A = Non-vault XP
 B = Vault XP
 C = Vault XP percentage of total XP
 D = Non-vault monster count
 E = Vault monster count
 F = Vault count percentage of total count
                 A         B        C        D         E       F
            +---------+---------+-------+---------+---------+-------
      Total |  179809 |   71826 |  28.5 |     665 |     210 |  24.0
            +---------+---------+-------+---------+---------+-------
        D:1 |      15 |       0 |   0.0 |       8 |       0 |   0.0
        D:2 |      61 |       0 |   0.0 |      21 |       0 |   0.0
        D:3 |      95 |       0 |   0.0 |      21 |       0 |   0.0
        D:4 |     241 |       0 |   0.0 |      20 |       0 |   0.0
        D:5 |     630 |       5 |   0.8 |      30 |       1 |   3.2
        D:6 |     916 |     406 |  30.7 |      25 |       3 |  10.7
        D:7 |    2051 |       0 |   0.0 |      26 |       0 |   0.0
        D:8 |    1632 |     449 |  21.6 |      46 |       1 |   2.1
        D:9 |    6154 |     828 |  11.9 |      33 |       1 |   2.9
       D:10 |    2204 |    1108 |  33.5 |      32 |       6 |  15.8
       D:11 |    8819 |     376 |   4.1 |      21 |       2 |   8.7
       D:12 |    5006 |       0 |   0.0 |      16 |       0 |   0.0
       D:13 |    6679 |    8494 |  56.0 |      16 |      23 |  59.0
       D:14 |    1322 |   16141 |  92.4 |       5 |      28 |  84.8
       D:15 |    7194 |    5470 |  43.2 |      15 |       6 |  28.6
     Lair:1 |    2663 |    1970 |  42.5 |      14 |       6 |  30.0
     Lair:2 |    6615 |     153 |   2.3 |      22 |       1 |   4.3
     Lair:3 |    8258 |    7881 |  48.8 |      23 |      16 |  41.0
     Lair:4 |    4554 |       0 |   0.0 |      11 |       0 |   0.0
     Lair:5 |    5104 |   12862 |  71.6 |      14 |      29 |  67.4
    Swamp:1 |   12171 |       0 |   0.0 |      25 |       0 |   0.0
    Swamp:2 |   14244 |     911 |   6.0 |      26 |       3 |  10.3
    Swamp:3 |   12878 |       0 |   0.0 |      21 |       0 |   0.0
    Snake:1 |   19368 |    1352 |   6.5 |      39 |       1 |   2.5
    Snake:2 |   24095 |     192 |   0.8 |      45 |       1 |   2.2
    Snake:3 |   18659 |       0 |   0.0 |      43 |       0 |   0.0
    Snake:4 |    2537 |    3957 |  60.9 |       6 |       6 |  50.0
      Orc:1 |    3022 |       0 |   0.0 |      19 |       0 |   0.0
      Orc:2 |    2622 |    9271 |  78.0 |      22 |      76 |  77.6
            +---------+---------+-------+---------+---------+-------
